 Dungeon Crawl Stone Soup version 0.18-a0-1157-g59db91b (webtiles) character file.

115 Duffy the Chopper (level 4, -10/39 HPs)
             Began as a Minotaur Fighter on Jan 23, 2016.
             Mangled by an ogre
             ... wielding a +0 giant club
              (27 damage)
             ... on level 4 of the Dungeon.
             The game lasted 00:01:30 (1327 turns).

Duffy the Chopper (Minotaur Fighter)                Turns: 1327, Time: 00:01:30

Health: -10/39     AC:  6    Str: 21    XL:     4   Next: 68%
Magic:  3/3        EV:  9    Int:  5    God:
Gold:   92         SH:  0    Dex: 10    Spells: 0 memorised, 3 levels left

rFire  . . .     SeeInvis .     a - +0 war axe
rCold  . . .     Gourm    .     b - +0 scale mail
rNeg   . . .     Faith    .     (no shield)
rPois  .         Spirit   .     (helmet restricted)
rElec  .         Dismiss  .     (no cloak)
rCorr  .         Reflect  .     (no gloves)
SustAt +         Harm     .     (no boots)
MR     .....                    (no amulet)
Stlth  ..........               (no ring)
                                e - ring of sustain attributes

@: not resistant to hostile enchantments, extremely unstealthy
A: retaliatory headbutt, horns 2
a: no special abilities


You were on level 4 of the Dungeon.
You were not hungry.

You visited 1 branch of the dungeon, and saw 4 of its levels.

You collected 92 gold pieces.


Innate Abilities, Weirdness & Mutations

You reflexively headbutt those who attack you in melee.
You have a pair of horns on your head.


   Skills:
 - Level 3.6 Fighting
 + Level 6.0 Axes
 - Level 3.6 Armour
 - Level 3.6 Shields


You had 3 spell levels left.
You didn't know any spells.

Inventory:

Hand Weapons
 a - a +0 war axe (weapon)
Armour
 b - a +0 scale mail (worn)
 c - a +0 shield
Jewellery
 e - a ring of sustain attributes (left hand)
Scrolls
 h - a scroll of identify {unknown}
 i - a scroll of recharging {unknown}
 j - a scroll of amnesia {unknown}
Potions
 d - a potion of might
 l - a potion of berserk rage {unknown}
Comestibles
 f - 2 bread rations
 g - 3 meat rations
 k - a royal jelly

Dungeon Overview and Level Annotations

Branches:
Dungeon (4/15)
 Temple: D:4-7

Altars:

Annotations:
D:3 homeworkjunkie's ghost, weakling HOGl


Message History

Found a lumpy sapphire potion.
A worker ant comes into view.
The worker ant twitches its antennae in your direction.
You barely miss the worker ant. The worker ant barely misses you.
You closely miss the worker ant. Your headbutt misses the worker ant.
The worker ant bites you but does no damage. x2
You slash the worker ant! Your headbutt misses the worker ant.
The worker ant is almost dead.
The worker ant bites you.
You slash the worker ant!
You kill the worker ant!
Your Axes skill increases to level 6!
No target in view!
You see here a worker ant corpse.
l - a lumpy sapphire potion You open the door.
Found 11 gold pieces.
Found a stone staircase leading up.
There is an open door here.
Found 9 stones.
An ogre comes into view. It is wielding a giant club.
The ogre shouts!
The ogre hits you with a giant club!!
Ouch! That really hurt!
You are too injured to fight recklessly!
You are too injured to fight recklessly!
You barely miss the ogre. You headbutt the ogre!
The ogre is moderately wounded.
The ogre closely misses you.
You barely miss the ogre. You headbutt the ogre.
The ogre is moderately wounded.
You hit the ogre but do no damage.
The ogre is moderately wounded.
The ogre hits you with a giant club!!
Ouch! That really hurt!
You die...

...##.......##....#
...##.......##...(#
...#.........#....#
#####........#....#
...##........#....#
.............#...##
............##...#
...###########...#
...# #..@+ ......
.......O# .......
........# .......
........# ...##..
......... #### ...
...##...# ### #...#
.....


You could see an ogre.

Action                   |  1- 3 |  4- 6 || total
-------------------------+-------+-------++-------
Melee: War axe           |    55 |    16 ||    71
  Eat: Chunk             |       |     1 ||     1

Notes
Turn   | Place    | Note
--------------------------------------------------------------
     0 | D:1      | Duffy the Minotaur Fighter began the quest for the Orb.
     0 | D:1      | Reached XP level 1. HP: 19/19 MP: 0/0
    74 | D:1      | Reached skill level 3 in Axes
   172 | D:2      | Noticed Jessica
   175 | D:2      | Reached XP level 2. HP: 20/26 MP: 1/1
   477 | D:2      | Killed Jessica
   477 | D:2      | Reached skill level 4 in Axes
   477 | D:2      | Reached XP level 3. HP: 31/31 MP: 2/2
   793 | D:3      | Reached skill level 5 in Axes
  1030 | D:3      | Reached XP level 4. HP: 31/39 MP: 3/3
  1077 | D:3      | Noticed homeworkjunkie's ghost (weakling HOGl)
  1301 | D:4      | Reached skill level 6 in Axes
  1321 | D:4      | Noticed an ogre
  1327 | D:4      | Mangled by an ogre

Vault maps used:
D:1:      dpeg_arrival_rooms_b
D:2:      minmay_misc_feat_x, uniq_jessica
D:3:      lemuel_doored_altar, first_bread
D:4:      minmay_temple_entry_nine_rooms, portal_sewer_entry_e

Vanquished Creatures
  Jessica
  A worker ant
  3 adders
  An ooze
  An adder skeleton
  2 worms
  A giant gecko
  2 bats
  2 goblins
  2 hobgoblins
  4 jackals
  2 quokkas
  2 giant newts
  3 kobolds
  A rat
28 creatures vanquished.
